Map: 2000 Atmospheres LE

Players

Bamboosho

  • Race: Terran Terran
  • League: Silver

Throwfordays - Winner!

  • Race: Terran Terran
  • League: Gold

VOD

Have the link to the VOD?

Description

Time

  • Played on: Aug. 27, 2021, 10:38 p.m.
  • Length: 4:02
Show
View Real Time Build Order
Export as new Build Order

Bamboosho Terran 

Build Orders:  

Get SALT Encoding   

  12  0:13  SCV  
  13  0:20  Supply Depot  
  13  0:31  SCV  
  14  0:43  SCV  
  14  0:46  Barracks  
  15  0:55  SCV  
  16  1:08  SCV  
  17  1:12  Supply Depot  
  17  1:20  SCV  
  18  1:32  SCV  
  19  1:35  Command Center  
  19  1:37  Marine  
  20  1:47  Refinery  
  20  2:09  Marine  
  20  2:12  SCV  
  22  2:19  Refinery  
  22  2:24  SCV  
  22  2:28  Marine  
  24  2:36  SCV  
  25  2:48  SCV  
  26  2:54  Barracks Tech Lab  
  26  2:59  Factory  
  26  3:00  SCV  
  23  3:13  SCV  
  24  3:24  SCV  
  24  3:25  SCV  
  24  3:26  Marine  
  23  3:36  SCV  
  23  3:37  SCV  
  22  3:48  SCV  
  22  3:49  SCV  
Show
View Real Time Build Order
Export as new Build Order

Throwfordays Terran - Winner!

Build Orders:  

Get SALT Encoding   

  12  0:00  SCV  
  13  0:15  Supply Depot  
  13  0:16  SCV  
  14  0:26  Refinery  
  14  0:38  Barracks  
  14  0:41  SCV  
  15  0:54  SCV  
  16  1:02  Barracks  
  16  1:06  SCV  
  17  1:25  Reaper  
  18  1:26  Supply Depot  
  18  1:27  SCV  
  19  1:39  SCV  
  20  1:40  Refinery  
  20  1:51  Reaper  
  21  1:54  Barracks  
  21  1:57  SCV  
  21  1:59  Reaper  
  23  2:09  SCV  
  24  2:21  SCV  
  25  2:23  Reaper  
  26  2:31  Reaper  
  27  2:43  Supply Depot  
  27  2:46  Reaper  
  28  2:53  SCV  
  28  2:55  Reaper  
  29  3:19  Reaper x2  
Tags
 
Add a new tag
Caveats
  • Supply blocks, unpowered buildings, or Contaminate may cause inaccurate times.
  • Supply counts are checked every 10 seconds.